AoeStats
← migouu

QS Arena

503114751Analyzed
1v1 RM · 2mo ago on Aug 30, 2026· 33m 7s· 2 players
Game mode
Random Map
Map size
Tiny (2 player)
Population
200
Speed
Normal
Resources
Standard
Victory
Conquest
Starting age
Dark Age
Ending age
Imperial Age
RankedLock teamsTeams togetherTeam positionsShared explorationLock speedFull tech treeHidden civsTurbo modeCheats
Victory
Defeat
🇹🇼 Japanese · Taiwan
1180
+16
vs
🇫🇮 Shu · Finland
1173
-16
migouu
7:58 Feudal Age
11:46 Castle Age
10:18 Stone Mining
15:22 Double-Bit Axe
19:35 Loom
22:43 Fletching
23:35 Horse Collar
24:13 Bow Saw
25:46 Wheelbarrow
25:30 Heavy Plow
25:32 Gold Mining
26:26 Bodkin Arrow
27:03 Hand Cart
27:56 Gold Shaft Mining
27:42 Thumb Ring
26:58 Crossbowman
27:08 Crossbowman
31:08 Ballistics
33:52 Imperial Age
yaya
5:39 Loom
7:50 Feudal Age
8:48 Man-at-Arms
9:41 Fletching
11:03 Arson
11:29 Double-Bit Axe
18:52 Castle Age
17:12 Gold Mining
17:18 Stone Mining
17:14 Horse Collar
19:58 Bow Saw
19:51 Heavy Plow
26:16 Wheelbarrow
29:03 Imperial Age
27:31 Gold Shaft Mining
27:47 Hand Cart
27:59 Town Watch
28:23 Bodkin Arrow
28:47 Yasama
29:17 Treadmill Crane
29:28 Guard Tower
30:00 Ballistics
29:51 Masonry
31:09 Two-Man Saw
31:02 Kataparuto
32:31 Conscription
32:57 Keep
32:07 Arrowslits
34:14 Chemistry
Connection lost

Rejoining the realm…

Still unreachable

The connection could not be restored.

Session expired

The server has moved on; the page needs a fresh start.